 Dungeon Crawl Stone Soup version 0.21.1-1-g345015f (webtiles) character file.

425 inc the Shield-Bearer (level 7, -2/78 HPs)
             Began as a Formicid Fighter on June 9, 2018.
             Was a Follower of Makhleb.
             Slain by an orc warrior
             ... wielding a +0 halberd
              (7 damage)
             ... on level 3 of the Dungeon.
             The game lasted 00:05:02 (2453 turns).

inc the Shield-Bearer (Formicid Fighter)            Turns: 2453, Time: 00:05:02

Health: -2/78      AC: 23    Str: 23    XL:     7   Next: 18%
Magic:  7/7        EV:  2    Int: 12    God:    Makhleb [*.....]
Gold:   109        SH: 10    Dex: 10    Spells: 6/6 levels left

rFire    + . .     SeeInvis .   a - +0 war axe
rCold    + . .     Gourm    .   c - +0 shield
rNeg     + + +     Faith    .   (armour currently unavailable)
rPois    +         Spirit   .   (helmet unavailable)
rElec    +         Reflect  .   (cloak currently unavailable)
rCorr    +         Harm     .   (gloves currently unavailable)
MR       .....                  (boots currently unavailable)
Stlth    +.........             (no amulet)
HPRegen  0.23/turn              l - ring of flight
MPRegen  0.10/turn              (no ring)

@: brilliant, tree-form, resistant, drained
A: permanent stasis, dig shafts and tunnels, four strong arms
a: Renounce Religion


You were on level 3 of the Dungeon.
You worshipped Makhleb.
Makhleb was aware of your devotion.
You were hungry.
You were a tree.
You visited 1 branch of the dungeon, and saw 4 of its levels.

You collected 109 gold pieces.

Inventory:

Hand Weapons
 a - a +0 war axe (weapon)
Armour
 b - a +0 scale mail
 c - a +0 shield (worn)
 m - a +0 chain mail (melded)
 o - a +0 cloak (melded)
Jewellery
 l - a ring of flight (left branch)
 u - an uncursed amulet of harm
Wands
 r - a wand of flame (34)
 s - a wand of acid (10)
Scrolls
 e - 3 scrolls of amnesia {unknown}
 g - 6 scrolls of identify {unknown}
 j - 2 scrolls of enchant armour {unknown}
 k - a scroll of noise {unknown}
 n - a scroll of magic mapping {unknown}
 p - 2 scrolls of remove curse {unknown}
 q - 2 scrolls of teleportation {unknown}
 t - 2 scrolls of fog {unknown}
Potions
 d - 2 potions of might
 h - a potion of curing
 i - a potion of heal wounds {unknown}
Comestibles
 f - 2 rations


   Skills:
 - Level 3.2(2.9) Fighting
 + Level 5.6(5.2) Axes
 - Level 3.2(2.9) Armour
 + Level 6.4(6.0) Shields


You had 6 spell levels left.
You didn't know any spells.

Dungeon Overview and Level Annotations

Branches:
Dungeon (4/15)
 Temple: D:4-7

Altars:
Cheibriados
Dithmenos
Elyvilon
Makhleb
Ru
Xom

Shops:
D:4 :


Innate Abilities, Weirdness & Mutations

You cannot be hasted, slowed, berserked, paralysed or teleported.
You can dig through walls and to a lower floor.
Your four strong arms can wield two-handed weapons with a shield.
((You have a pair of large antennae on your head. (SInv)))


Message History

The orc warrior hits you with a halberd!
* * * LOW HITPOINT WARNING * * *
Unknown command.
It was a potion of brilliance.
You feel clever all of a sudden. You block the orc wizard's attack.
A frilled lizard comes into view.
It was a potion of lignification.
You turn into a tree.
Your +0 cloak melds into your body.
Your +0 chain mail melds into your body.
Your roots penetrate the ground.
The orc warrior hits you but does no damage.
You hear some strange, mumbled words.
A puff of flame appears from out of thin air!
Deactivating autopickup; reactivate with Ctrl-A.
The puff of flame hits you!
It was a potion of resistance.
You feel protected.
The orc warrior hits you with a halberd!
You die...

....# ....# #. .#### ##
#. ..#### .. #. .....#
#. #. ..##.# ##. #. >##
# .l{ ## .# #o######..
# .# #o......# # .#
#♣.# # .# #..# # .#
#..# ..####..###.##.#
...............#
##.###..###############
#..# #<........
#.###..######.########
#.............))......


You could see an orc warrior, an orc wizard and a frilled lizard.

Vanquished Creatures
  Sigmund (D:3)
  A hound (D:4)
  An orc wizard (D:3)
  2 orc priests (D:3)
  6 adders
  2 oozes (D:2)
  2 worms (D:3)
  2 leopard geckos (D:3)
  7 orcs (D:3)
  7 bats
  2 giant cockroaches (D:2)
  7 goblins
  12 hobgoblins
  6 jackals (D:1)
  2 quokkas
  7 frilled lizards
  8 kobolds
  7 rats
82 creatures vanquished.

Notes
Turn   | Place    | Note
-------+----------+-------------------------------------------
     0 | D:1      | inc the Formicid Fighter began the quest for the Orb.
     0 | D:1      | Reached XP level 1. HP: 18/18 MP: 1/1
    79 | D:1      | Reached XP level 2. HP: 20/24 MP: 2/2
   310 | D:1      | Reached XP level 3. HP: 29/29 MP: 3/3
   773 | D:2      | Found a burning altar of Makhleb.
   956 | D:2      | Found a white marble altar of Elyvilon.
   990 | D:2      | Reached skill level 4 in Shields
   990 | D:2      | Reached XP level 4. HP: 27/35 MP: 4/4
  1001 | D:2      | Found a shimmering altar of Xom.
  1002 | D:2      | You fall through a shaft for 2 floors!
  1003 | D:4      | Found Budeoxt's Book Shoppe.
  1144 | D:4      | Noticed a phantom
  1159 | D:3      | You fall through a shaft!
  1215 | D:4      | Noticed a phantom
  1351 | D:2      | Became a worshipper of Makhleb the Destroyer
  1406 | D:2      | Reached XP level 5. HP: 41/41 MP: 5/5
  1554 | D:2      | Found a shimmering altar of Xom.
  1715 | D:2      | Found a shadowy altar of Dithmenos.
  1748 | D:2      | Found a sacrificial altar of Ru.
  1748 | D:2      | Found a snail-covered altar of Cheibriados.
  1955 | D:3      | Reached skill level 5 in Shields
  1965 | D:3      | Reached XP level 6. HP: 15/47 MP: 6/6
  2201 | D:3      | Reached * piety under Makhleb
  2206 | D:3      | Reached skill level 5 in Axes
  2261 | D:3      | Noticed Sigmund
  2278 | D:3      | Killed Sigmund
  2278 | D:3      | Reached skill level 6 in Shields
  2278 | D:3      | Reached XP level 7. HP: 30/52 MP: 7/7
  2453 | D:3      | Slain by an orc warrior

Skill      XL: |  1  2  3  4  5  6 |
---------------+-------------------+-----
Axes           | 3 4 5 |  5.6
Shields        | 4 5 6 |  6.4
Fighting       | |  3.2
Armour         | |  3.2

Action                   |  1- 3 |  4- 6 |  7- 9 || total
-------------------------+-------+-------+-------++-------
Melee: War axe           |   109 |   146 |    21 ||   276
  Use: Potion            |       |       |     4 ||     4
  Eat: Chunk             |       |     5 |       ||     5
Armor: Scale mail        |    27 |       |       ||    27
       Chain mail        |    25 |    73 |     7 ||   105
       Skin              |       |       |     2 ||     2
Dodge: Dodged            |    32 |    49 |     7 ||    88
Block: Shield            |    63 |    99 |    12 ||   174
